AoeStats
← eriki

Arabia

507781496Analyzed
2v2 RM · 14d ago on Sep 19, 2026· 79m 49s· 4 players
Game mode
Random Map
Map size
Medium (4 player)
Population
200
Speed
Normal
Resources
Standard
Victory
Conquest
Starting age
Dark Age
Ending age
Imperial Age
RankedLock teamsTeams togetherTeam positionsShared explorationLock speedFull tech treeHidden civsTurbo modeCheats
Victory
Defeat
🇹🇷 Maya · Türkiye
920
+16
🇹🇷 Persians · Türkiye
904
+17
🇦🇷 Saracens · Argentina
933
-17
🇦🇷 Vikings · Argentina
915
-16
eriki
10:22 Feudal Age
10:53 Loom
22:55 Castle Age
20:51 Double-Bit Axe
21:51 Padded Archer Armor
21:42 Fletching
22:25 Gold Mining
22:29 Stone Mining
22:21 Horse Collar
24:52 Husbandry
25:12 Crossbowman
29:07 Town Watch
30:15 Bloodlines
37:49 Imperial Age
37:05 Stone Shaft Mining
37:05 Gold Shaft Mining
36:56 Ballistics
38:56 Wheelbarrow
38:22 Town Patrol
40:29 Parthian Tactics
39:36 Cavalier
43:19 Hand Cart
43:07 Heavy Plow
43:56 Bow Saw
43:53 Savar
45:41 Kamandaran
48:11 Chemistry
47:50 Conscription
48:06 Hoardings
48:58 Scale Barding Armor
48:50 Bodkin Arrow
49:10 Leather Archer Armor
49:06 Forging
49:39 Light Cavalry
50:57 Hussar
57:25 Thumb Ring
57:16 Elite Skirmisher
58:32 Ring Archer Armor
58:24 Chain Barding Armor
69:55 Plate Barding Armor
72:14 Iron Casting
73:42 Elite War Elephant
74:54 Capped Ram
King of Cengel
9:55 Feudal Age
17:09 Fletching
23:02 Castle Age
21:37 Padded Archer Armor
22:56 Forging
22:46 Scale Mail Armor
24:35 Horse Collar
24:43 Double-Bit Axe
24:30 Crossbowman
26:39 Bow Saw
27:06 Wheelbarrow
27:09 Pikeman
27:51 Squires
27:12 Man-at-Arms
29:26 Thumb Ring
31:19 Bodkin Arrow
31:13 Arson
31:55 Gold Mining
31:28 Long Swordsman
32:18 Eagle Warrior
33:45 Hand Cart
33:56 Heavy Plow
34:28 Chain Mail Armor
38:30 Elite Skirmisher
44:03 Iron Casting
44:27 Stone Mining
45:59 Stone Shaft Mining
50:16 Imperial Age
48:57 Leather Archer Armor
49:39 Loom
49:40 Town Watch
50:23 Elite Eagle Warrior
51:38 Plate Mail Armor
52:08 Blast Furnace
51:09 Bracer
51:40 Ring Archer Armor
53:00 Hul'che Javelineers
52:45 Arbalester
54:31 Crop Rotation
55:37 Two-Handed Swordsman
58:04 Two-Man Saw
56:29 Halberdier
61:01 Elite Plumed Archer
67:04 Chemistry
66:24 Ballistics
66:32 Masonry
66:17 Murder Holes
73:35 Caravan
74:05 Coinage
73:46 Guilds
79:37 Town Patrol
80:15 Hoardings
79:11 Sappers
Oppenheimer9477
7:39 Loom
11:13 Feudal Age
14:46 Scale Barding Armor
17:53 Bloodlines
18:52 Horse Collar
22:15 Forging
27:09 Castle Age
31:17 Fletching
31:49 Chain Barding Armor
33:09 Double-Bit Axe
37:32 Bodkin Arrow
39:55 Heavy Plow
40:07 Bow Saw
43:17 Elite Skirmisher
47:26 Ballistics
52:26 Imperial Age
56:04 Elite Mameluke
64:38 Chemistry
63:52 Gold Mining
67:00 Plate Barding Armor
75:02 Light Cavalry
75:44 Husbandry
DibuTinchoX
8:55 Loom
11:13 Feudal Age
14:36 Double-Bit Axe
16:18 Fletching
17:07 Padded Archer Armor
17:38 Horse Collar
19:31 Scale Mail Armor
24:46 Castle Age
25:31 Elite Skirmisher
26:36 Bodkin Arrow
26:56 Leather Archer Armor
26:18 Pikeman
28:57 Squires
28:46 Gambesons
33:01 Stone Mining
33:02 Gold Mining
33:09 Gold Mining
33:32 Bow Saw
33:26 Heavy Plow
35:07 Chain Mail Armor
35:03 Forging
34:52 Town Watch
39:16 Iron Casting
38:06 Crossbowman
42:11 Imperial Age
42:16 Arbalester
43:40 Squires
43:27 Arson
45:59 Bracer
47:28 Bogsveigar
47:56 Elite Berserk
50:07 Town Patrol
50:49 Ring Archer Armor
51:20 Blast Furnace
50:56 Ballistics
51:57 Plate Mail Armor
53:37 Chemistry
53:25 Chieftains
Connection lost

Rejoining the realm…

Still unreachable

The connection could not be restored.

Session expired

The server has moved on; the page needs a fresh start.